 Dungeon Crawl Stone Soup version 0.28-a0-313-gbc0475efdd (webtiles) character file.

Game seed: 12879360860256649193

41 yeahnotreally the Shield-Bearer (level 3, 0/33 HPs)
             Began as a Minotaur Fighter on Sept 1, 2021.
             Killed by nerve-wracking pain
             ... invoked by Jessica
              (6 damage)
             ... on level 2 of the Dungeon.
             The game lasted 00:13:39 (921 turns).

yeahnotreally the Shield-Bearer (Minotaur Fighter)   Turns: 921, Time: 00:13:39

Health: 0/33       AC:  9    Str: 21    XL:     3   Next: 32%
Magic:  2/2        EV:  5    Int:  5    God:
Gold:   46         SH:  8    Dex:  9    Spells: 2/2 levels left

rFire   . . .      SeeInvis .   a - +0 long sword
rCold   . . .      Faith    .   c - +0 kite shield
rNeg    . . .      Spirit   .   j - +0 chain mail
rPois   .          Reflect  .   (helmet restricted)
rElec   .          Harm     .   (no cloak)
rCorr   .          Rampage  .   (no gloves)
Will    .....                   (no boots)
Stlth   ..........              (no amulet)
HPRegen 0.11/turn               (no ring)
MPRegen 0.08/turn               (no ring)

@: no status effects
A: horns 2, retaliatory headbutt
a: no special abilities


You were on level 2 of the Dungeon.
You visited 1 branch of the dungeon, and saw 2 of its levels.

You collected 46 gold pieces.

Inventory:

Hand Weapons
 a - a +0 long sword (weapon)
 f - a +0 dagger
 g - a +0 short sword
 i - a +2 dagger of venom
Missiles
 e - 27 stones (quivered)
Armour
 b - a +0 scale mail
 c - a +0 kite shield (worn)
 h - a +0 scale mail
 j - a +0 chain mail (worn)
Scrolls
 k - a scroll of teleportation
Potions
 d - a potion of might


   Skills:
 + Level 4.0 Fighting
 + Level 3.0 Long Blades
 + Level 4.0 Armour
 + Level 4.3 Shields


You had 2 spell levels left.
You didn't know any spells.
Your spell library contained the following spells:

 Spells                   Type           Power      Damage    Failure   Level
 Corpse Rot               Necr/Air       N/A        N/A       100%        2
 Poisonous Vapours        Pois/Air       0%         N/A       100%        2
 Freezing Cloud           Conj/Ice/Air   0%         6-21      100%        5


Dungeon Overview and Level Annotations

Branches:
Dungeon (2/15)

Altars:

Annotations:
D:2 Jessica


Innate Abilities, Weirdness & Mutations

You have a pair of horns on your head.
You reflexively headbutt those who attack you in melee.


Message History

You see here a jackal corpse.
You closely miss the rat.
The rat is moderately wounded.
The rat bites you.
You hit the rat.
You kill the rat!
Found a scroll of teleportation.
A frilled lizard comes into view.
The frilled lizard hisses angrily.
You hear a shout!
Jessica the Apprentice Sorceress comes into view.
She is wielding a +0 club.
You see here a scroll of teleportation.
The frilled lizard unfolds its giant frill.
You see here a scroll of teleportation.
k - a scroll of teleportation Jessica points at you and mumbles some strange words.
Pain shoots through your body! Jessica hits you with a +0 club.
You closely miss Jessica. Jessica hits you but does no damage.
Your shield prevents you from hitting Jessica.
Jessica hits you with a +0 club. Jessica hits you with a +0 club!
You barely miss Jessica. Jessica gestures at you while chanting.
Pain shoots through your body!
* * * LOW HITPOINT WARNING * * *
You closely miss Jessica. You block Jessica's attack.
Jessica hits you with a +0 club.
* * * LOW HITPOINT WARNING * * *
You closely miss Jessica. Jessica gestures at you while chanting.
You barely resist. You barely miss Jessica. You headbutt Jessica!
Jessica is almost dead.
You block Jessica's attack.
Jessica mumbles some strange words.
Jessica seems to speed up.
You hit Jessica but do no damage.
Jessica is almost dead.
Jessica points at you and mumbles some strange words.
Pain shoots through your body!
You die...

.... ###.#.### .#.#
..... ....... ..#.##
....####.#.####.....
#...............
#.#.#........#
#>†..........#
#######†.........#
.....†..#...###..#
....##..#...# ##@#
....##..##.## #@#
....##.....# #l.
#####+##
....##.....# #...
#......#
....##....... ....#
#......#
..........### #+#.#
+......' .<..###...#
.. #......# ....#
... #....<.# ....#
#.###+##


You could see Jessica (fast) and a frilled lizard.

Vanquished Creatures
  An adder (D:2)
  A dart slug (D:1)
  A worm (D:2)
  A goblin (D:1)
  5 hobgoblins
  6 jackals (D:2)
  2 kobolds (D:1)
  2 quokkas (D:1)
  A ball python (D:2)
  A bat (D:1)
  A frilled lizard (D:1)
  3 rats
25 creatures vanquished.

Notes
Turn   | Place    | Note
-------+----------+-------------------------------------------
     0 | D:1      | yeahnotreally the Minotaur Fighter began the quest for the
                  | Orb.
     0 | D:1      | Reached XP level 1. HP: 19/19 MP: 0/0
   244 | D:1      | Reached XP level 2. HP: 27/27 MP: 1/1
   602 | D:2      | Found a faded altar of an unknown god.
   740 | D:2      | Reached XP level 3. HP: 26/33 MP: 2/2
   910 | D:2      | Noticed Jessica
   921 | D:2      | Killed from afar by Jessica

Illustrated notes

Levels and vault maps discovered:
D:1:      ncdulo_watergridlock, layout_loops_corners, palyth_stone_intersect
D:2:      layout_basic, basic_ecumenical_altar, nicolae_underground_beach,
          uniq_jessica

Skill      XL: |  1  2  3 |
---------------+----------+-----
Shields        | 4 |  4.3
Armour         | 4 |  4.0
Fighting       | 4 |  4.0
Long Blades    | 3 |  3.0

Action                   || total
-------------------------++-------
Melee: Long sword        ||    70
       Headbutt          ||     8
  Use: Scroll            ||     3
       Potion            ||     2
Armor: Scale mail        ||    12
       Chain mail        ||    25
Dodge: Dodged            ||    19
Block: Kite shield       ||    28

Table legend: (Time is in decaauts)
 A = Elapsed time spent in this place.
 B = Non-inter-level travel time spent in this place.
 C = Inter-level travel time spent in this place.
 D = Time resting spent in this place.
 E = Time spent auto-exploring this place.
 F = Levels seen in this place.
 G = Mean time per level.
                   A        B        C        D        E       F      G
               +--------+--------+--------+--------+--------+-----+--------+
         Total |    956 |    238 |    718 |      0 |      0 |   2 |  478.0 |
       Dungeon |    956 |    238 |    718 |      0 |      0 |   2 |  478.0 |
               +--------+--------+--------+--------+--------+-----+--------+

Top non-repeatable levels by time:
     D:1: 650 daAuts
     D:2: 306 daAuts
